Map: Frost LE

Players

Aegwynn

  • Race: Zerg Zerg
  • League: Master

Zerghamdi - Winner!

  • Race: Zerg Zerg
  • League: Master

VOD

https://www.youtube.com/channel/UCcSgNfDNxvyisU-eCj9xyNg/playlists

Description

Time

  • Played on: Aug. 14, 2016, 12:54 p.m.
  • Length: 4:27
Show
View Real Time Build Order
Export as new Build Order

Aegwynn Zerg 

Build Orders: Pool Only, Zergling Baneling 

Get SALT Encoding   

  12  0:00  Drone  
  13  0:08  Drone  
  14  0:14  Extractor  
  13  0:29  Spawning Pool  
  13  0:33  Drone  
  13  0:37  Drone  
  14  0:42  Extractor  
  14  0:44  Drone  
  15  0:53  Overlord  
  15  1:15  Metabolic Boost  
  15  1:16  Queen  
  17  1:20  Zergling x2  
  17  1:24  Zergling x2  
  19  1:30  Zergling x2  
  20  1:38  Baneling Nest  
  19  1:42  Zergling x2  
  20  1:48  Zergling x2  
  21  1:57  Overlord  
  21  2:06  Zergling x2  
  22  2:20  Zergling x2  
  23  2:23  Baneling x4  
  23  2:25  Zergling x4  
  25  2:38  Baneling  
  25  2:46  Zergling x6  
  24  3:00  Baneling x2  
  23  3:05  Zergling x4  
  23  3:06  Zergling x4  
  26  3:19  Baneling  
  23  3:21  Zergling x2  
  24  3:29  Zergling x2  
  23  3:35  Zergling x2  
  23  3:39  Zergling x6  
  26  3:41  Baneling  
  26  3:42  Baneling x3  
  26  3:45  Zergling x2  
  27  3:56  Zergling x2  
  28  4:07  Zergling x2  
Show
View Real Time Build Order
Export as new Build Order

Zerghamdi Zerg - Winner!

Build Orders: Pool First 

Get SALT Encoding   

  12  0:00  Drone  
  13  0:12  Overlord  
  13  0:17  Drone  
  14  0:30  Drone x2  
  14  0:34  Drone  
  17  0:44  Spawning Pool  
  17  0:48  Drone  
  17  0:55  Drone  
  18  1:12  Hatchery  
  18  1:15  Drone  
  18  1:20  Extractor  
  18  1:25  Overlord  
  17  1:32  Queen  
  19  1:35  Zergling x2  
  19  1:39  Drone  
  21  1:49  Drone  
  22  2:00  Zergling x2  
  23  2:08  Queen  
  25  2:16  Zergling x2  
  25  2:17  Baneling Nest  
  24  2:23  Zergling x2  
  24  2:27  Queen  
  24  2:28  Zergling x2  
  28  2:33  Zergling x2  
  29  2:40  Zergling x2  
  29  2:41  Zergling x4  
  29  2:43  Zergling x2  
  32  2:45  Zergling x2  
  30  2:53  Zergling x2  
  30  3:02  Baneling  
  30  3:04  Baneling x2  
  29  3:08  Drone x2  
  29  3:09  Drone  
  29  3:11  Drone  
  31  3:17  Drone  
  30  3:30  Queen  
  30  3:33  Baneling  
  31  3:37  Zergling x4  
  33  3:43  Overlord  
  33  3:45  Drone  
  34  3:55  Evolution Chamber  
  33  3:57  Evolution Chamber  
  33  3:58  Drone  
  33  3:59  Drone  
  33  4:01  Baneling  
  33  4:02  Baneling  
  34  4:06  Drone  
  34  4:07  Drone  
Tags
 
Add a new tag
Caveats
  • Supply blocks, unpowered buildings, or Contaminate may cause inaccurate times.
  • Supply counts are checked every 10 seconds.